 Dungeon Crawl Stone Soup version 0.16.2-12-gd0ad4c3 (webtiles) character file.

7325 Kloppie the Fighter (level 11, -5/120 HPs)
             Began as an Ogre Berserker on Oct 27, 2015.
             Was an Elder of Trog.
             Slain by an unseen horror (8 damage)
             ... on level 10 of the Dungeon.
             The game lasted 00:28:53 (11718 turns).

Kloppie the Fighter (Ogre Berserker)               Turns: 11718, Time: 00:28:53

Health: -5/120     AC:  4    Str: 24    XL:     11   Next: 13%
Magic:  11/11      EV: 15    Int:  6    God:    Trog [****..]
Gold:   567        SH:  0    Dex: 12    Spells: 0 memorised, 10 levels left

rFire  . . .     SeeInvis .     a - +2 giant spiked club
rCold  . . .     Clarity  .     b - +0 animal skin
rNeg   . . .     SustAb   .     (shield restricted)
rPois  .         Gourm    .     H - +0 hat
rElec  .         Spirit   .     f - +0 cloak
rCorr  .         Warding  .     (gloves unavailable)
rMut   .         Stasis   .     (boots unavailable)
MR     +++..                    (no amulet)
Stlth  +.........               (no ring)
                                y - ring of flight (curse)

@: exhausted, regenerating, extremely resistant to hostile enchantments, very
unstealthy
A: unfitting armour, hooves 1, tough skin 1
a: Burn Spellbooks, Berserk, Trog's Hand, Brothers in Arms, Renounce Religion,
Evoke Flight


You were on level 10 of the Dungeon.
You worshipped Trog.
Trog was greatly pleased with you.
You were not hungry.

You visited 2 branches of the dungeon, and saw 11 of its levels.

You collected 615 gold pieces.
You spent 48 gold pieces at shops.

Inventory:

Hand weapons
 a - a +2 giant spiked club (weapon)
 w - the +1 long sword "Ipnoum" {freeze, rN+ Str+4 Dex-3, unknown}
   (You found it on level 8 of the Dungeon)

   It has been specially enchanted to freeze those struck by it, causing extra
   injury to most foes and up to half again as much damage against particularly
   susceptible opponents.
   It can also slow down cold-blooded creatures.
   It affects your strength (+4).
   It affects your dexterity (-3).
   It protects you from negative energy.
Armour
 b - a +0 animal skin (worn)
 d - the cursed +0 shield of the Thunderstorm {Str+4, unknown}
   (You found it on level 6 of the Dungeon)

   It affects your strength (+4).
   It has a curse placed upon it.
 f - a +0 cloak (worn)
 H - a +0 hat (worn)
 M - a +1 robe of the Archmagi
Jewellery
 l - an uncursed ring of protection from magic {unknown}
 p - a +3 ring of evasion {unknown}
 q - a +2 ring of evasion {unknown}
 y - a cursed ring of flight (left hand)
 K - a +3 ring of protection {unknown}
Magical devices
 h - a wand of confusion (29)
 o - a wand of lightning (6)
 s - a wand of magic darts (18)
 u - a wand of confusion (22)
 D - a wand of disintegration (24)
Scrolls
 g - 6 scrolls of remove curse
 j - 2 scrolls of magic mapping
 v - a scroll of teleportation
 A - a scroll of silence {unknown}
 C - 5 scrolls of identify
 E - a scroll of enchant weapon
Potions
 e - 2 potions of might
 i - 2 potions of cure mutation
 m - a potion of ambrosia
 n - a potion of haste
 r - a potion of flight
 t - 2 potions of degeneration {unknown}
 x - 3 potions of heal wounds {unknown}
 z - a potion of curing
 G - a potion of resistance {unknown}
Books
 I - a book of Cantrips

   Spells                             Type                      Level
   a - Corona                         Hexes                        1
   b - Animate Skeleton               Necromancy                   1
   c - Summon Small Mammal            Summoning                    1
   d - Apportation                    Translocation                1
   Trog disapproves of the use of such an item.
 J - a book of Conjurations

   Spells                             Type                      Level
   a - Magic Dart                     Conjuration                  1
   b - Searing Ray                    Conjuration                  2
   c - Dazzling Spray                 Conjuration/Hexes            3
   d - Fulminant Prism                Conjuration/Hexes            4
   e - Iskenderun's Mystic Blast      Conjuration                  4
   f - Iskenderun's Battlesphere      Conjuration/Charms           5
   Trog disapproves of the use of such an item.
Comestibles
 c - 4 meat rations
 k - 10 bread rations
 B - 4 fruits
 L - a beef jerky


   Skills:
 + Level 11.5 Fighting
 + Level 11.5 Maces & Flails
 - Level 1.5 Armour
 - Level 11.0 Dodging


You had 10 spell levels left.
You didn't know any spells.

Dungeon Overview and Level Annotations

Branches:
Dungeon (10/15)            Temple (1/1) D:4            Lair (0/8) D:10
    Orc (0/4) D:10

Altars:
Ashenzari
Cheibriados
Dithmenos
Elyvilon
Fedhas
Gozag
Kikubaaqudgha
Makhleb
Nemelex Xobeh
Okawaru
Qazlal
Ru
Sif Muna
Trog
Vehumet
Xom
Yredelemnul
Zin
The Shining One

Shops:
D:4 !

Annotations:
D:10 exclusion: oklob plant


Innate Abilities, Weirdness & Mutations

You are too large for most types of armour.
You have tough skin (AC +1).
You have large cloven feet.


Message History

You feel the effects of Trog's Hand fading.
Something hits you.
* * * LOW HITPOINT WARNING * * *
Something hits you!
* * * LOW HITPOINT WARNING * * *
You finish eating.
That meat ration really hit the spot!
Use which ability? (? or * to list)
Your skin crawls.
You feel resistant to hostile enchantments.
You feel slightly more hungry. Something barely misses you.
You miss something. You kick something. Something hits you.
* * * LOW HITPOINT WARNING * * *
You closely miss something. You kick something. Something hits you.
* * * LOW HITPOINT WARNING * * *
Something barely misses you. Something hits you.
* * * LOW HITPOINT WARNING * * *
Something barely misses you.
You impale something!! You kick something. Something hits you!
You die...

.###.###############
#####............)<#
..##..############)#
#.....## #.# .#...>.## #.#
........## #.#######
#........## #.......#
..#.......##############.#
..#........)....@..# #.#
..#.....##.#######.# #.#
#).%...###)## #.# #.#
....#.####o.######.# #.#
.#..#.#.........##.# #.#
#...#.#.........##(# #.#
.....)...)......##.# #.#
#####....).........# #.#
##..........##.# #.##


There were no monsters in sight!

Vanquished Creatures
  The ghost of Gravoth the Spear-Bearer, an experienced DgFi (D:8)
  2 hill giants (D:10)
  Maurice (D:8)
  A troll (D:10)
  5 yaks (D:10)
  A spriggan (D:8)
  2 wyverns
  A warg (D:10)
  3 orc warriors
  An ice beast (D:8)
  2 sky beasts
  2 phantoms
  A wasp (D:7)
  3 ogres
  An eye of draining (D:9)
  3 centaurs
  Sigmund (D:5)
  Duvessa (D:6)
  A big kobold (D:7)
  2 giant frogs (D:10)
  A scorpion (D:5)
  7 killer bees
  An electric eel (D:10)
  A crimson imp (D:6)
  Dowan (D:6)
  A goliath beetle (D:6)
  7 hounds
  5 jellies
  2 iguanas (D:9)
  7 orc priests
  2 centaur zombies
  A gnoll shaman (D:10)
  A giant frog skeleton (D:9)
  7 orc wizards
  8 worker ants
  A killer bee zombie (D:8)
  Ijyb (D:7)
  Terence (D:2)
  A hound skeleton (D:4)
  A mummy (D:10)
  14 gnolls
  15 adders
  3 shadow imps
  A giant mite (D:9)
  3 worms
  2 adder zombies
  3 adder skeletons
  4 giant geckos
  40 orcs
  5 giant cockroaches
  13 goblins
  9 hobgoblins
  4 quokkas
  A ball python zombie (D:5)
  15 bats
  9 giant newts
  A giant spore (D:9)
  7 jackals
  19 kobolds
  18 rats
  A ballistomycete (D:9)
279 creatures vanquished.

Vanquished Creatures (others)
  2 plants (D:10)
2 creatures vanquished.

Grand Total: 281 creatures vanquished

Notes
Turn   | Place    | Note
--------------------------------------------------------------
     0 | D:1      | Kloppie, the Ogre Berserker, began the quest for the Orb.
     0 | D:1      | Reached XP level 1. HP: 24/24 MP: 1/1
   290 | D:1      | Reached XP level 2. HP: 26/33 MP: 2/2
   729 | D:1      | Reached XP level 3. HP: 41/41 MP: 3/3
   746 | D:1      | Reached skill level 5 in Fighting
   831 | D:2      | Noticed Terence
   835 | D:2      | Killed Terence
   868 | D:2      | Reached skill level 5 in Maces & Flails
   882 | D:2      | Acquired Trog's second power
   893 | D:2      | Reached XP level 4. HP: 28/50 MP: 4/4
   968 | D:2      | Found a shattered altar of Ashenzari.
   968 | D:2      | Found a snail-covered altar of Cheibriados.
  2263 | D:4      | Reached skill level 6 in Fighting
  2263 | D:4      | Reached XP level 5. HP: 41/59 MP: 5/5
  2621 | D:4      | Found Exas' Distillery.
  2627 | D:4      | Bought a potion of poison for 12 gold pieces
  2627 | D:4      | Bought a potion of curing for 36 gold pieces
  3142 | D:4      | Found a staircase to the Ecumenical Temple.
  3148 | Temple   | Entered the Ecumenical Temple
  3237 | D:4      | Reached XP level 6. HP: 57/68 MP: 6/6
  3285 | D:4      | Reached skill level 7 in Fighting
  3560 | D:4      | Noticed a centaur
  3566 | D:4      | Killed a centaur
  4316 | D:5      | Entered Level 5 of the Dungeon
  4372 | D:5      | Reached XP level 7. HP: 74/79 MP: 7/7
  4457 | D:4      | Gained mutation: You have large cloven feet. [potion of beneficial mutation]
  4563 | D:5      | Reached skill level 8 in Fighting
  4833 | D:5      | Noticed Sigmund
  4844 | D:5      | Killed Sigmund
  5447 | D:6      | Got a jewelled shield
  5558 | D:6      | Reached skill level 9 in Fighting
  5558 | D:6      | Reached XP level 8. HP: 92/92 MP: 8/8
  5914 | D:6      | Noticed Duvessa
  5914 | D:6      | Noticed Dowan
  5921 | D:6      | Killed Duvessa
  5923 | D:6      | Killed Dowan
  6026 | D:6      | Reached skill level 10 in Fighting
  6264 | D:6      | Reached skill level 10 in Maces & Flails
  6656 | D:7      | Found a basalt altar of Yredelemnul.
  6660 | D:7      | Found a sparkling altar of Nemelex Xobeh.
  6661 | D:7      | Found a glowing golden altar of the Shining One.
  6835 | D:7      | Noticed Ijyb
  6841 | D:7      | Killed Ijyb
  6848 | D:7      | Reached XP level 9. HP: 101/101 MP: 9/9
  6849 | D:7      | Acquired Trog's third power
  6943 | D:7      | Paralysed by a wasp for 1 turns
  6948 | D:7      | Reached skill level 5 in Dodging
  7990 | D:8      | Got a shimmering long sword
  8003 | D:8      | Found an iron altar of Okawaru.
  8103 | D:8      | Noticed Gravoth's ghost (experienced DgFi)
  8117 | D:8      | Killed Gravoth's ghost
  8225 | D:8      | Noticed Maurice
  8231 | D:8      | Killed Maurice
  8231 | D:8      | Reached XP level 10. HP: 110/110 MP: 10/10
  9277 | D:9      | Found a stormy altar of Qazlal.
  9916 | D:10     | Entered Level 10 of the Dungeon
  9921 | D:10     | Reached skill level 10 in Dodging
 10494 | D:10     | Reached skill level 11 in Dodging
 10806 | D:10     | Found a staircase to the Lair.
 10833 | D:10     | Noticed an oklob plant
 10930 | D:10     | Found a staircase to the Orcish Mines.
 11658 | D:10     | Noticed a hill giant
 11661 | D:10     | Noticed a hill giant
 11668 | D:10     | Killed a hill giant
 11668 | D:10     | Reached XP level 11. HP: 120/120 MP: 11/11
 11672 | D:10     | Killed a hill giant
 11712 | D:10     | HP: 4/120 [something (11)]
 11717 | D:10     | HP: 1/120 [something (5)]
 11718 | D:10     | Slain by an unseen horror

Action                   |  1- 3 |  4- 6 |  7- 9 | 10-12 || total
-------------------------+-------+-------+-------+-------++-------
Melee: Mace              |    79 |   202 |    20 |       ||   301
       Giant spiked club |       |       |   239 |   231 ||   470
       Flail             |       |       |    27 |       ||    27
Invok: Berserk           |     1 |     4 |    10 |     5 ||    20
       Trog's Hand       |       |     1 |     6 |     8 ||    15
Evoke: Wand              |       |       |       |     1 ||     1
  Use: Scroll            |       |       |    19 |     3 ||    22
       Potion            |       |       |     3 |     2 ||     5
 Stab: Sleeping          |       |       |     1 |       ||     1
  Eat: Chunk             |     1 |    14 |    18 |    14 ||    47
       Beef jerky        |       |     1 |       |       ||     1
       Bread ration      |       |       |     1 |       ||     1
       Fruit             |       |       |       |     1 ||     1
       Pizza             |       |       |       |     1 ||     1
       Meat ration       |       |       |       |     1 ||     1
